[Event "Early-Titled-Tuesday-Blitz-May-28-2024"]
[Site "Chess.com"]
[Date "2024.05.28"]
[Round "6"]
[White "hsd2016"]
[Black "SharapovEvgeny"]
[Result "0-1"]
[WhiteElo "2422"]
[BlackElo "2614"]
[TimeControl "180+1"]
[EndTime "9:07:11 PDT"]
[Termination "SharapovEvgeny won by resignation"]

1. Nf3 c5 2. g3 Nc6 3. c4 e5 4. Nc3 g6 5. e4 Bg7 6. Bg2 Nge7 7. O-O O-O 8. d3 d6 9. Nd5 Nxd5 10. cxd5 Nd4 11. Nxd4 cxd4 12. f4 f5 13. Qb3 Qb6 14.
Qa3 fxe4 15. Bxe4 Bh3 16. Rf2 Rac8 17. Bd2 Bh6 18. Ba5 Qa6 19. Bb4 Qxa3 20. Bxa3 exf4 21. Bxd6 fxg3 22. Rxf8+ Bxf8 23. Bxg3 Rc2 24. Bf2 Bd6 25. Bg2 Bxg2 26. Kxg2 Rxb2 27. Rc1 Rxa2 28. Rc8+ Kf7 29. Rd8 Ke7 30. Rh8 b5 31. Rxh7+ Kf6 32. Kf3 Ke5 33. Bg3+ Kxd5 34. Rd7 Kc5 35. Bxd6+ Kc6 36. Rd8 a5 37. Bg3 b4 38. Ke4 b3 39.
Kxd4 b2 40. Rb8 a4 41. Kc3 a3 42. Kc2 Ra1 43. Bf4 Kd5 44. Bd2 Rh1 45. Bf4 a2 46. Ra8 b1=Q+ 0-1

[Event "Early-Titled-Tuesday-Blitz-May-28-2024"]
[Site "Chess.com"]
[Date "2024.05.28"]
[Round "6"]
[White "GambitGiesbergen"]
[Black "PabloZarnicki"]
[Result "0-1"]
[WhiteElo "2354"]
[BlackElo "2538"]
[TimeControl "180+1"]
[EndTime "9:07:11 PDT"]
[Termination "PabloZarnicki won on time"]

1. e4 e5 2. Nf3 Nf6 3. Bc4 Nxe4 4. Nc3 Nc6 5. O-O Nd6 6. Bb3 Be7 7. Re1 O-O 8. Nxe5 Nxe5 9. Rxe5 Bf6 10. Re3 c6 11. d4 Nf5 12. Rd3 d5 13. Ne2 Re8 14.
c3 Qe7 15. Kf1 b6 16. Rf3 Ba6 17. Be3 Nh4 18. Rg3 h6 19. Bc2 Qe6 20. Bd3 Bxd3 21. Qxd3 Qe4 22. Rd1 g5 23. Bc1 Re6 24. Qxe4 dxe4 25.
Ng1 Nf5 26. Rh3 Kg7 27. g4 Nh4 28. Re3 Rae8 29. Rde1 Bd8 30. f3 exf3 31. Rxe6 fxe6 32. Kf2 Bc7 33. Nxf3 Rf8 34. Re3 Bf4 35. Nxh4 Bxe3+ 36. Kxe3 gxh4 37. Bd2 h3 38. Ke2 Kg6 39. Be3 h5 40.
gxh5+ Kxh5 41. a4 Kg4 42. b4 Kf5 43. Kd3 Rg8 0-1

[Event "Early-Titled-Tuesday-Blitz-May-28-2024"]
[Site "Chess.com"]
[Date "2024.05.28"]
[Round "6"]
[White "js20000"]
[Black "AnishOnYoutube"]
[Result "1-0"]
[WhiteElo "2704"]
[BlackElo "3018"]
[TimeControl "180+1"]
[EndTime "9:07:12 PDT"]
[Termination "js20000 won by resignation"]

1. b3 d5 2. Bb2 Bf5 3. e3 Nf6 4. Nf3 e6 5. c4 h6 6. Nc3 Be7 7. d4 Ne4 8. Nxe4 Bxe4 9. a3 Nd7 10. Bd3 Nf6 11. O-O O-O 12. Bxe4 Nxe4 13. Nd2 Nd6 14. Qc2 a5 15. Rac1 c6 16. c5 Nf5 17. b4 Qc7 18.
Bc3 axb4 19. axb4 Bf6 20. Ra1 g6 21. Nf3 b6 22. Qb2 Qb7 23. Rxa8 Rxa8 24. Ra1 Ra6 25. h3 h5 26. Ne1 b5 27. Nd3 Bd8 28. Rxa6 Qxa6 29.
Qa1 Qb7 30. Bd2 Bc7 31. f3 Ng3 32. Be1 Nf5 33. Bf2 Ne7 34. e4 Qb8 35. e5 Nf5 36.
g4 hxg4 37. hxg4 Nh6 38. Be3 Kg7 39. Qc1 Ng8 40. f4 Ne7 41. Bf2 Qh8 42. Qe3 Qh7 43. Kg2 Bd8 44. Qh3 Qg8 45. Bh4 Nc8 46. Nc1 Qh8 47.
Bf6+ Bxf6 48. exf6+ Kg8 49. Qxh8+ Kxh8 50. Nd3 Na7 51. Ne5 Kg8 52. Kg3 Kf8 53. Kh4 Kg8 54.
Kg5 Kf8 55. Kh6 Kg8 56. g5 Kf8 57. Kh7 1-0

[Event "Early-Titled-Tuesday-Blitz-May-28-2024"]
[Site "Chess.com"]
[Date "2024.05.28"]
[Round "6"]
[White "Qvalda"]
[Black "Willi_Skibbe"]
[Result "1-0"]
[WhiteElo "2403"]
[BlackElo "2261"]
[TimeControl "180+1"]
[EndTime "9:07:13 PDT"]
[Termination "Qvalda won on time"]

1. d4 d5 2. c4 c6 3. cxd5 cxd5 4. Nf3 Nf6 5. Nc3 Nc6 6. Ne5 e6 7. e3 Bd6 8. f4 O-O 9. Bd3 Ne7 10. O-O Bd7 11. Qf3 g6 12. Bd2 Rc8 13. Be1 Nf5 14.
g4 Ng7 15. Bh4 Be7 16. Rac1 a6 17. Rc2 b5 18. Rfc1 b4 19. Ne2 Rxc2 20. Rxc2 Bb5 21. Bxb5 axb5 22. Nc6 Qd7 23. Nxe7+ Qxe7 24. Ng3 Ra8 25.
e4 Rxa2 26. e5 Ra1+ 27. Kg2 Qa7 28. Bxf6 Ne8 29. Rc8 Qd7 30. Rd8 Qc6 31. f5 exf5 32.
gxf5 Rb1 33. Qf2 1-0

[Event "Early-Titled-Tuesday-Blitz-May-28-2024"]
[Site "Chess.com"]
[Date "2024.05.28"]
[Round "6"]
[White "Triumphmate"]
[Black "agvega14"]
[Result "1-0"]
[WhiteElo "2497"]
[BlackElo "2252"]
[TimeControl "180+1"]
[EndTime "9:07:15 PDT"]
[Termination "Triumphmate won by checkmate"]

1. e4 c5 2. Nf3 a6 3. Nc3 e6 4. d4 cxd4 5. Nxd4 Qc7 6. f4 Bb4 7. Nf3 Nf6 8. Bd3 d6 9. O-O Bc5+ 10. Kh1 h5 11. Qe1 Nbd7 12. Bd2 b5 13. a3 Bb7 14.
b4 Ba7 15. a4 bxa4 16. Rxa4 Bb6 17. Qe2 h4 18. Ng5 Nh5 19. Be1 Ndf6 20. Bxh4 Qxc3 21.
h3 Qc6 22. b5 Qc8 23. e5 dxe5 24. fxe5 Qd7 25. exf6 gxf6 26. Ne4 Kf8 27. bxa6 Bc6 28. Rb4 Ba7 29. Bb5 Ng3+ 30. Nxg3 Bxb5 31. Qxb5 Qxb5 32.
Rxb5 Rxh4 33. Rb7 Ra4 34. Rxf6 Rxa6 35. Rfxf7+ Kg8 36. Rg7+ Kh8 37. Rh7+ Kg8 38. Rbg7+ Kf8 39. Rf7+ Kg8 40. Nh5 Ra1+ 41. Kh2 Bg1+ 42. Kg3 R8a3+ 43. Kh4 Ra4+ 44. g4 Bf2+ 45. Kg5 Ra5+ 46. Kg6 Rxh5 47. Rhg7+ Kh8 48. Rf8# 1-0

[Event "Early-Titled-Tuesday-Blitz-May-28-2024"]
[Site "Chess.com"]
[Date "2024.05.28"]
[Round "6"]
[White "frenchpin"]
[Black "sammartin99"]
[Result "1-0"]
[WhiteElo "2411"]
[BlackElo "2284"]
[TimeControl "180+1"]
[EndTime "9:07:16 PDT"]
[Termination "frenchpin won on time"]

1. Nf3 d5 2. b3 Nf6 3. e3 Bg4 4. Bb2 Nbd7 5. d4 c6 6. Nbd2 e6 7. h3 Bh5 8. Bd3 a5 9. a3 Be7 10. O-O Bg6 11. Bxg6 hxg6 12. Ne5 Nxe5 13. dxe5 Nd7 14.
c4 Qb8 15. cxd5 cxd5 16. Nf3 Nc5 17. Rc1 O-O 18. Bd4 Ne4 19. a4 b5 20. Nd2 Nxd2 21. Qxd2 bxa4 22. bxa4 Qb3 23. Rc7 Bb4 24. Qd1 Qa3 25.
Qc2 Be7 26. Ra1 Qb4 27. Rb1 Qa3 28. Rb3 Qxa4 29. Rxe7 Rfc8 30. Qb1 Qc4 31. Rbb7 Rf8 32.
Qa1 a4 33. Ra7 Rxa7 34. Rxa7 1-0

[Event "Early-Titled-Tuesday-Blitz-May-28-2024"]
[Site "Chess.com"]
[Date "2024.05.28"]
[Round "6"]
[White "HouseOfDurin"]
[Black "MdChess1734"]
[Result "1-0"]
[WhiteElo "2264"]
[BlackElo "2409"]
[TimeControl "180+1"]
[EndTime "9:07:17 PDT"]
[Termination "HouseOfDurin won on time"]

1. d4 Nf6 2. Bg5 c5 3. Bxf6 gxf6 4. c3 Qb6 5. Qc2 d5 6. e3 Nc6 7. Nd2 Bd7 8. Ngf3 Rc8 9. Qb3 f5 10. Qxd5 Qxb2 11. Rb1 Qxc3 12. Rxb7 Qc1+ 13. Ke2 Nb8 14. Ne5 Be6 15. Rxb8 Rxb8 16. Qc6+ Kd8 17. d5 Rc8 18. Qb7 Rc7 19. Nc6+ Kd7 20. dxe6+ Kd6 21. Qb3 Rxc6 22. Nc4+ Kc7 23. g3 Bg7 24. Bg2 Rb8 25. Qxb8+ Kxb8 26. Rxc1 Rxe6 27. Bd5 Ra6 28. Nb2 e6 29. Bc4 Rb6 30.
Nd3 1-0

[Event "Early-Titled-Tuesday-Blitz-May-28-2024"]
[Site "Chess.com"]
[Date "2024.05.28"]
[Round "6"]
[White "SoCalJuniorChess"]
[Black "Peng_Li-Min"]
[Result "0-1"]
[WhiteElo "2242"]
[BlackElo "2762"]
[TimeControl "180+1"]
[EndTime "9:07:18 PDT"]
[Termination "Peng_Li-Min won by resignation"]

1. d4 Nf6 2. Nc3 d5 3. Bf4 e6 4. Nb5 Na6 5. e3 Be7 6. Nf3 O-O 7. h3 c6 8. Nc3 Qa5 9. Be2 Ba3 10. bxa3 Qxc3+ 11. Nd2 Ne4 12. Rb1 Nxd2 13. Qxd2 Qxa3 14. O-O b5 15. Bd3 Nb8 16. Qe2 Nd7 17. e4 a6 18. e5 Qe7 19. Bd2 f5 20. exf6 Qxf6 21. Rbe1 Nb6 22. Bb4 Rf7 23. Bc5 Na4 24. Bd6 Qxd4 25.
Qh5 g6 26. Bxg6 hxg6 27. Qxg6+ Qg7 28. Qh5 Bd7 29. Re3 Rf5 30. Qh4 Rg5 31. Be7 Rg6 32. Rfe1 Re8 33. Bd6 Qh7 34. Qd4 c5 35. Qe5 Nb6 36.
Rg3 Nc4 37. Qf4 Nxd6 38. Qxd6 Rxg3 39. fxg3 Qe7 40. Qf4 Rf8 41. Qg4+ Qg7 42. Qh4 Qd4+ 43.
Qxd4 cxd4 44. Rd1 e5 45. c3 dxc3 46. Rxd5 Rc8 0-1

[Event "Early-Titled-Tuesday-Blitz-May-28-2024"]
[Site "Chess.com"]
[Date "2024.05.28"]
[Round "6"]
[White "suyu28"]
[Black "dropstoneDP"]
[Result "1/2-1/2"]
[WhiteElo "2775"]
[BlackElo "2969"]
[TimeControl "180+1"]
[EndTime "9:07:19 PDT"]
[Termination "Game drawn by repetition"]

1. d4 d5 2. c4 dxc4 3. Nf3 Nf6 4.
e3 e6 5. Bxc4 c5 6. O-O a6 7.
dxc5 Bxc5 8. a3 O-O 9. b4 Be7 10. Bb2 b5 11. Bd3 Bb7 12. Qe2 Nbd7 13. Nbd2 Rc8 14.
Rfd1 Qc7 15. h3 Qb8 16. Nb3 Nd5 17. Rac1 Rxc1 18. Rxc1 Rc8 19. Qd1 Bf6 20. Nfd4 Rxc1 21. Qxc1 g6 22. Na5 Ne5 23. Be2 Ba8 24. e4 Nb6 25.
Qf4 Bg7 26. Ndb3 Nbd7 27. Bd4 Qd6 28. Qe3 Nc6 29. Bxg7 Kxg7 30. Nxc6 Bxc6 31. f3 Qe5 32. Qd4 Qxd4+ 33. Nxd4 Bb7 34. Kf2 Kf6 35. Ke3 g5 36. g3 h6 37. Nb3 Ke7 38. Kd4 Kd6 39. Bd3 e5+ 40. Ke3 f6 41. Be2 Bc8 42. Bd3 Bb7 43. Be2 Bc8 44. Bd3 Bb7 1/2-1/2

[Event "Early-Titled-Tuesday-Blitz-May-28-2024"]
[Site "Chess.com"]
[Date "2024.05.28"]
[Round "6"]
[White "Glidzhian_Gor"]
[Black "Tol_Tol"]
[Result "1-0"]
[WhiteElo "2553"]
[BlackElo "2380"]
[TimeControl "180+1"]
[EndTime "9:07:19 PDT"]
[Termination "Glidzhian_Gor won on time"]

1. e4 c5 2. d4 cxd4 3. c3 Nf6 4. e5 Nd5 5. Nf3 Nc6 6. cxd4 g6 7. Nc3 Nxc3 8. bxc3 Bg7 9. h4 d6 10. exd6 Qxd6 11.
h5 Bg4 12. h6 Bf6 13. Be2 O-O 14.
O-O Rac8 15. a4 Rfd8 16. Ng5 Bxe2 17. Qxe2 Na5 18. Ne4 Qc6 19. Rb1 b6 20. Re1 Rd7 21. Bf4 Nc4 22. Nxf6+ Qxf6 23. Qg4 Qf5 24. Qg3 a6 25.
Bg5 f6 26. Bf4 g5 27. Be3 Kf7 28. Rbd1 Qd5 29. Bc1 Kg6 30. Qh3 Qf5 31. Qh2 Nd6 32. Re3 Ne4 33. Rf3 Qg4 34. Bd2 f5 35. Be1 1-0

[Event "Early-Titled-Tuesday-Blitz-May-28-2024"]
[Site "Chess.com"]
[Date "2024.05.28"]
[Round "6"]
[White "Felix-Rose"]
[Black "FLYD"]
[Result "1-0"]
[WhiteElo "2301"]
[BlackElo "2040"]
[TimeControl "180+1"]
[EndTime "9:07:21 PDT"]
[Termination "Felix-Rose won on time"]

1. e4 c6 2. d4 d5 3. e5 c5 4.
dxc5 e6 5. a3 Bxc5 6. Nf3 Nd7 7.
b4 Be7 8. Bb2 Nh6 9. Bd3 O-O 10.
O-O f6 11. c4 fxe5 12. Nxe5 Bf6 13. Qe2 Nf7 14. Nxd7 Bxd7 15. cxd5 exd5 16. Nc3 d4 17. Nd5 Bc6 18. Qe4 Ng5 19. Nxf6+ Qxf6 20. Qxd4 Qxd4 21. Bxd4 Rad8 22. Bc4+ Kh8 23. Bxa7 Rf4 24. Rad1 Rdf8 25. Bd5 Bb5 26. Be3 R4f5 27. Rfe1 Bd7 28. Bxg5 Rxg5 29. Re7 Bh3 30. Bxb7 Rg6 31. a4 h6 32. a5 Rg5 33. a6 Rf6 34. a7 Bxg2 35. Bxg2 Rfg6 36. a8=Q+ Kh7 37. Rd8 Rxg2+ 38. Qxg2 Rxg2+ 39. Kxg2 1-0

[Event "Early-Titled-Tuesday-Blitz-May-28-2024"]
[Site "Chess.com"]
[Date "2024.05.28"]
[Round "6"]
[White "smilingice"]
[Black "ahkashefi2800"]
[Result "0-1"]
[WhiteElo "2369"]
[BlackElo "2549"]
[TimeControl "180+1"]
[EndTime "9:07:22 PDT"]
[Termination "ahkashefi2800 won on time"]

1. e4 c5 2. Nf3 g6 3. c3 Bg7 4. d4 cxd4 5. cxd4 d5 6. exd5 Nf6 7. Nc3 O-O 8. Bc4 Nbd7 9. d6 e6 10. Bg5 Nb6 11. Bb3 Qxd6 12. Bxf6 Bxf6 13. Ne4 Qb4+ 14. Qd2 Qxd2+ 15. Kxd2 Bg7 16. Rac1 Bd7 17. Nd6 Bh6+ 18. Kd3 Bxc1 19. Rxc1 Bc6 20. Ne5 Bxg2 21. Ndxf7 Bd5 22. Rc7 Bxb3 23. axb3 Nd5 24. Rxb7 Rfb8 25. Nh6+ Kh8 26.
Rd7 Rxb3+ 27. Kc2 Rh3 28. Nef7+ Kg7 29. Ng5+ Kxh6 30. Nxh3 Rc8+ 31. Kd2 Rb8 32. Kc2 Nb4+ 33. Kd2 Nc6 34. Kc3 Rc8 35. Kd2 Nb4 36. f4 Rc2+ 37. Kd1 Rxb2 38. Ng5 Kh5 39. Rxh7+ Kg4 40. Nxe6 a5 41. Kc1 Nd3+ 42. Kd1 a4 43. Ra7 Rxh2 44.
Rxa4 Nb2+ 45. Ke1 Nxa4 0-1

[Event "Early-Titled-Tuesday-Blitz-May-28-2024"]
[Site "Chess.com"]
[Date "2024.05.28"]
[Round "6"]
[White "Fernando_Offermann"]
[Black "SimplyDevina"]
[Result "1-0"]
[WhiteElo "2476"]
[BlackElo "2305"]
[TimeControl "180+1"]
[EndTime "9:07:22 PDT"]
[Termination "Fernando_Offermann won by resignation"]

1. Nf3 d5 2. g3 Nf6 3. Bg2 g6 4. O-O Bg7 5. d3 O-O 6. Nbd2 c5 7. e4 d4 8. a4 Nc6 9. Nc4 Nd7 10.
Re1 e5 11. Nd6 Qe7 12. Nxc8 Raxc8 13. Nd2 f5 14. exf5 gxf5 15. Nc4 Nb6 16. Nxb6 axb6 17. c3 Qd6 18. Qb3+ Kh8 19. Qxb6 dxc3 20. bxc3 Qxd3 21. Qxb7 Na5 22. Qb5 Qxc3 23. Bb2 Qb4 24. Bxe5 Qxb5 25. axb5 Bxe5 26. Rxe5 Nb3 27. Rb1 c4 28. Bd5 Nd2 29. Rc1 Rc5 30. b6 Nf3+ 31. Bxf3 Rxe5 32. Rxc4 Ree8 33.
b7 Rb8 34. Rc7 Rfd8 35. h4 Kg8 36. h5 h6 37. Kg2 Kf8 38. Bc6 Kg8 39. Kf3 Rf8 40.
Kf4 Kh8 41. Bd7 Kg8 42. Bc8 Kh8 43. Rc6 Kg7 44. Rg6+ Kf7 45. Rxh6 Ke7 46. Rc6 Rh8 47. h6 Rg8 48. Kxf5 Rh8 49. g4 Rf8+ 50. Kg5 Kf7 51. f4 Rg8+ 52. Kh4 Rf8 53. g5 Re8 54. Kh5 Rd8 55. g6+ Ke7 56. f5 Rd2 57. f6+ Ke8 58. g7 Kf7 59. h7 Rh2+ 60. Kg5 Rxh7 61. Be6+ Ke8 62. Rc8+ 1-0

[Event "Early-Titled-Tuesday-Blitz-May-28-2024"]
[Site "Chess.com"]
[Date "2024.05.28"]
[Round "6"]
[White "Grebeniuk-S"]
[Black "JAN2404"]
[Result "1-0"]
[WhiteElo "2642"]
[BlackElo "1971"]
[TimeControl "180+1"]
[EndTime "9:07:22 PDT"]
[Termination "Grebeniuk-S won by resignation"]

1. e4 c5 2. Nf3 d6 3. d4 cxd4 4. Nxd4 Nf6 5. Nc3 Nc6 6. Bg5 e6 7. Qd2 Be7 8. O-O-O a6 9. Kb1 Bd7 10. f4 b5 11. Bxf6 gxf6 12. f5 Qb6 13. Nxc6 Bxc6 14. Bd3 O-O-O 15. Rhf1 Kb7 16. Qh6 b4 17. Ne2 d5 18.
Qg7 Rhf8 19. fxe6 dxe4 20. Bc4 Bb5 21. Bxb5 Qxb5 22. Ng3 Qe5 23. Rxd8 Rxd8 24. Qxf7 Qd6 25. Qh5 h6 26. Qe2 Ka8 27. Qxe4+ Ka7 28. Qe3+ Ka8 29. Qxh6 f5 30. Qe3 f4 31. Qf3+ Ka7 32. Ne2 Qd1+ 33. Rxd1 Rxd1+ 34. Nc1 Bf6 35. Qf2+ 1-0

[Event "Early-Titled-Tuesday-Blitz-May-28-2024"]
[Site "Chess.com"]
[Date "2024.05.28"]
[Round "6"]
[White "chess_sharparchitect"]
[Black "talaicito"]
[Result "1-0"]
[WhiteElo "2374"]
[BlackElo "2251"]
[TimeControl "180+1"]
[EndTime "9:07:22 PDT"]
[Termination "chess_sharparchitect won on time"]

1. c4 e5 2. Nc3 d6 3. Nf3 f5 4. d4 e4 5. Ng5 Nf6 6. h4 c6 7. e3 Be7 8. Be2 O-O 9. b3 a5 10.
Bb2 Na6 11. a3 Nc7 12. d5 Qe8 13. Nh3 Nd7 14. Nf4 Ne5 15. h5 Bd7 16. Rc1 Na6 17. Na4 Qd8 18. Qd2 b5 19. dxc6 bxa4 20. Qd5+ Rf7 21.
cxd7 Nc7 22. Qd2 Nxd7 23. h6 g5 24. Nd5 Nxd5 25. Qxd5 Nb6 26. Qd2 axb3 27. Bh5 Rf8 28. Bg7 a4 29. O-O Bf6 30. Bxf8 Qxf8 31. Rfd1 Be5 32.
Be2 Qxh6 33. g3 f4 34. exf4 gxf4 35. c5 1-0

[Event "Early-Titled-Tuesday-Blitz-May-28-2024"]
[Site "Chess.com"]
[Date "2024.05.28"]
[Round "6"]
[White "Let_it_be_1"]
[Black "verrbaa"]
[Result "1/2-1/2"]
[WhiteElo "2598"]
[BlackElo "2433"]
[TimeControl "180+1"]
[EndTime "9:07:23 PDT"]
[Termination "Game drawn by repetition"]

1. e4 c5 2. Nf3 e6 3. d4 cxd4 4. Nxd4 Nc6 5. Nc3 Qc7 6. Be2 Nf6 7. O-O Be7 8. Be3 O-O 9. f4 d6 10. Kh1 a6 11. a4 Bd7 12. Nb3 b6 13. Bf3 Rab8 14. Qe2 Bc8 15. Qf2 Na5 16. Nd2 Nd7 17. Bd4 Bb7 18. Qg3 e5 19. Be3 exf4 20. Bxf4 Ne5 21.
Be2 Ng6 22. Be3 Bf6 23. Ra3 Rfe8 24. Rxf6 gxf6 25. h4 Kh8 26. Qf2 Qe7 27. Bxb6 Nc6 28. Nd5 Qe5 29. Nxf6 Qf4 30. Nxe8 Rxe8 31. Bc4 Nce5 32.
Bd5 Bxd5 33. exd5 Qxh4+ 34. Qxh4 Nxh4 35. c4 Ng4 36. Nf3 Nf5 37. c5 dxc5 38. Bxc5 Ng3+ 39. Kg1 Ne2+ 40. Kh1 Ng3+ 41. Kg1 Ne2+ 42. Kh1 Ng3+ 1/2-1/2

[Event "Early-Titled-Tuesday-Blitz-May-28-2024"]
[Site "Chess.com"]
[Date "2024.05.28"]
[Round "6"]
[White "ChempionBg"]
[Black "Pasmendjambvirgulptipon98"]
[Result "0-1"]
[WhiteElo "2246"]
[BlackElo "2370"]
[TimeControl "180+1"]
[EndTime "9:07:23 PDT"]
[Termination "Pasmendjambvirgulptipon98 won on time"]

1. d4 Nf6 2. c4 g6 3. g3 Bg7 4.
Bg2 O-O 5. Nf3 d6 6. O-O Nbd7 7. Qc2 e5 8. Rd1 Qe7 9. Nc3 c6 10. e4 exd4 11. Nxd4 Ne5 12. b3 Bg4 13. f3 c5 14.
fxg4 cxd4 15. Rxd4 Nexg4 16. Bb2 Ne3 17. Qd3 Nfg4 18.
h3 Qf6 19. Nd1 Nxd1 20. Rxd1 Qf2+ 21. Kh1 Qxb2 22. hxg4 Qxd4 23. Qxd4 Bxd4 24. Rxd4 Rad8 25. Kg1 Kg7 26. g5 f6 27. gxf6+ Kxf6 28. Rd5 Rfe8 29. g4 Re5 30. Rd3 Kg5 31. Rh3 Rd7 32. Rg3 Kf4 33. Rh3 Kxg4 34. Rh6 Kg5 0-1

[Event "Early-Titled-Tuesday-Blitz-May-28-2024"]
[Site "Chess.com"]
[Date "2024.05.28"]
[Round "6"]
[White "KhBegmuratov"]
[Black "Logman74"]
[Result "1-0"]
[WhiteElo "2687"]
[BlackElo "2526"]
[TimeControl "180+1"]
[EndTime "9:07:27 PDT"]
[Termination "KhBegmuratov won on time"]

1. e4 c5 2. Nf3 d6 3. Bb5+ Bd7 4.
Bxd7+ Qxd7 5. O-O Nc6 6. c4 Nf6 7. Nc3 g6 8. d4 cxd4 9. Nxd4 Bg7 10. h3 O-O 11. Be3 Rfc8 12. b3 Qd8 13. Rc1 Nb4 14.
a3 Nc6 15. Qd2 a6 16. Nde2 Na5 17. Qa2 b5 18. cxb5 axb5 19. Nxb5 Nxe4 20. b4 Nc6 21. Qb3 Ne5 22. a4 d5 23. Bd4 Nd2 24. Qg3 Nxf1 25.
Rxf1 Nc4 26. Bxg7 Kxg7 27. a5 e5 28. f4 e4 29. Ned4 Qf6 30. f5 g5 31. h4 h6 32.
Kh1 Ne5 33. Nc3 Rxc3 34. Qxc3 Nd3 35. b5 1-0

[Event "Early-Titled-Tuesday-Blitz-May-28-2024"]
[Site "Chess.com"]
[Date "2024.05.28"]
[Round "6"]
[White "Eliwood44"]
[Black "biveklama"]
[Result "1-0"]
[WhiteElo "2473"]
[BlackElo "2614"]
[TimeControl "180+1"]
[EndTime "9:07:28 PDT"]
[Termination "Eliwood44 won by resignation"]

1. d4 d5 2. c4 c6 3. Nf3 Nf6 4.
e3 Bg4 5. Be2 e6 6. h3 Bxf3 7.
Bxf3 Nbd7 8. O-O Bd6 9. Re1 O-O 10. Nc3 Re8 11. g3 dxc4 12. a4 e5 13. Bg2 exd4 14. exd4 Rxe1+ 15. Qxe1 h6 16. Qe2 Nb6 17. a5 Nbd5 18.
Qxc4 Nb4 19. Bd2 Qd7 20. Ne4 Nxe4 21. Bxb4 Nf6 22. Re1 Bxb4 23. Qxb4 Re8 24. Rxe8+ Nxe8 25.
Qc5 a6 26. d5 cxd5 27. Bxd5 Nd6 28. Kg2 g6 29. b4 Kg7 30. Kh2 h5 31. Qd4+ Kh7 32. Bxb7 Qxb7 33. Qxd6 Qf3 34. Qf4 Qd5 35. h4 Kg7 36. Qe3 Kh7 37. Qa7 Kg7 38. Qxa6 Qd4 39. Qb6 Qe4 40. a6 g5 41. Qe3 Qxb4 42. Qxg5+ Kf8 43. a7 Qb6 44. a8=Q+ 1-0

[Event "Early-Titled-Tuesday-Blitz-May-28-2024"]
[Site "Chess.com"]
[Date "2024.05.28"]
[Round "6"]
[White "Lily_Schirmbeck"]
[Black "Pragmatist237"]
[Result "1-0"]
[WhiteElo "1785"]
[BlackElo "2165"]
[TimeControl "180+1"]
[EndTime "9:07:28 PDT"]
[Termination "Lily_Schirmbeck won by resignation"]

1. e4 c5 2. Be2 Nc6 3. d3 g6 4. f4 Bg7 5. c3 e6 6. Nf3 Nge7 7. O-O O-O 8. Na3 d5 9. e5 Rb8 10. d4 c4 11. Nb5 Bd7 12. g4 a6 13.
Nd6 Nc8 14. Nxc8 Rxc8 15. Qe1 b5 16. a3 a5 17. Nh4 f5 18. gxf5 gxf5 19. Qg3 Kh8 20. Kh1 Be8 21. Rg1 Rc7 22. Qh3 Ne7 23.
Be3 Kg8 24. Rg2 Ng6 25. Nf3 Qe7 26. Rag1 b4 27. axb4 axb4 28. Ng5 h6 29. Nf3 Kh7 30. Rg5 Rg8 31. Rh5 Nh8 32. Ng5+ Kg6 33. Nxe6+ Kf7 34. Nxc7 Qxc7 35. Qxf5+ Ke7 36. Bf2 Bxh5 37. Bh4+ Ke8 38. Bxh5+ Nf7 39. Qxf7+ Qxf7 40. Bxf7+ Kxf7 41. f5 1-0

[Event "Early-Titled-Tuesday-Blitz-May-28-2024"]
[Site "Chess.com"]
[Date "2024.05.28"]
[Round "6"]
[White "Chesstrainer1"]
[Black "RianKapriaga"]
[Result "0-1"]
[WhiteElo "2496"]
[BlackElo "2326"]
[TimeControl "180+1"]
[EndTime "9:07:29 PDT"]
[Termination "RianKapriaga won on time"]

1. e4 c6 2. d4 d5 3. e5 Bf5 4.
h4 h5 5. Bd3 Bxd3 6. Qxd3 e6 7.
Bg5 Qb6 8. Nd2 c5 9. c4 Nc6 10. Ngf3 Nxd4 11. Nxd4 Qxb2 12. Nc2 Qxe5+ 13. Kf1 Be7 14. Re1 Qd6 15. cxd5 Qxd5 16. Qb5+ Qd7 17. Rb1 Qxb5+ 18. Rxb5 b6 19. a4 Rd8 20. Ke2 Bxg5 21. hxg5 Ne7 22. a5 Nd5 23. Ne4 f5 24. gxf6 gxf6 25.
Ne3 a6 26. Rxb6 Nxb6 27. axb6 Rb8 28. Rb1 Ke7 29. Nxc5 Rhc8 30. Nxa6 Rb7 31. Rb5 Rc6 32. Rxh5 Rbxb6 33. Nc5 f5 34. Rh7+ Kf6 35. Nd7+ Kg6 36. Ne5+ Kxh7 37. Nxc6 Rxc6 0-1

[Event "Early-Titled-Tuesday-Blitz-May-28-2024"]
[Site "Chess.com"]
[Date "2024.05.28"]
[Round "6"]
[White "frankshar"]
[Black "EggLoser"]
[Result "1/2-1/2"]
[WhiteElo "2496"]
[BlackElo "2293"]
[TimeControl "180+1"]
[EndTime "9:07:29 PDT"]
[Termination "Game drawn by repetition"]

1. d4 d5 2. c4 e6 3. Nf3 Nf6 4. g3 dxc4 5. Bg2 c5 6. O-O Nc6 7. dxc5 Qxd1 8. Rxd1 Bxc5 9. Nbd2 c3 10. bxc3 O-O 11.
Nb3 Bb6 12. Nfd4 Nxd4 13. cxd4 Rd8 14. a4 e5 15. Bb2 Be6 16. Nc5 exd4 17. Nxe6 fxe6 18.
Bxb7 Rab8 19. Bf3 e5 20. Bg2 e4 21. Rab1 d3 22. exd3 exd3 23. Be5 Bxf2+ 24. Kf1 Rxb1 25. Rxb1 Bd4 26. Bf4 Ng4 27. h3 Ne3+ 28. Bxe3 Bxe3 29. Be4 Rd4 30. Bf3 Rxa4 31. Bd5+ Kf8 32. Bc6 Ra3 33.
Re1 Bb6 34. Rd1 a5 35. Be4 a4 36. Rxd3 Rxd3 37. Bxd3 Ke7 38. Bxh7 a3 39. Bg8 Kf6 40. Ke2 Ke5 41. Kd3 Bf2 42. g4 Kf4 43. Be6 Kg3 44. g5 Kh4 45. g6 Kg5 46. Bf7 Kh4 47. Be6 Kh5 48. Bf7 Kh4 49. Be6 1/2-1/2

[Event "Early-Titled-Tuesday-Blitz-May-28-2024"]
[Site "Chess.com"]
[Date "2024.05.28"]
[Round "6"]
[White "AryanTari"]
[Black "Cayse"]
[Result "0-1"]
[WhiteElo "3038"]
[BlackElo "2813"]
[TimeControl "180+1"]
[EndTime "9:07:30 PDT"]
[Termination "Cayse won by resignation"]

1. e4 e5 2. Nf3 Nc6 3. Bc4 Nf6 4. d3 Bc5 5. Nc3 O-O 6. h3 a6 7. a3 h6 8. g4 Be7 9. g5 hxg5 10.
Nxg5 Nd4 11. Rg1 d6 12. Rg3 Qe8 13. Be3 g6 14. Nd5 Nxd5 15. Bxd5 Kg7 16. Nxf7 Rxf7 17. Qh5 Rf4 18. Kd2 Rh4 19. Qd1 Be6 20. Bxd4 Bxd5 21. Bxe5+ dxe5 22. exd5 Qf7 23. Qe2 Qxd5 24. Rag1 g5 25.
Qe3 Rf4 26. h4 Raf8 27. f3 Qd4 28. Qe2 Rxh4 29. Rg4 Rxg4 30. Rxg4 Rf4 31. Rg2 Bf6 32. c3 Qd6 33. Kc2 Qd7 34. Rh2 Qf5 35. Qe3 Rxf3 36. Qc5 Qxd3+ 37. Kb3 c6 38. Qb6 Qb5+ 0-1

[Event "Early-Titled-Tuesday-Blitz-May-28-2024"]
[Site "Chess.com"]
[Date "2024.05.28"]
[Round "6"]
[White "Rdeux42"]
[Black "GeorgiosSouleidis"]
[Result "0-1"]
[WhiteElo "2431"]
[BlackElo "2611"]
[TimeControl "180+1"]
[EndTime "9:07:31 PDT"]
[Termination "GeorgiosSouleidis won by resignation"]

1. e4 c5 2. Nf3 e6 3. c4 Nc6 4. Nc3 Nd4 5. Nxd4 cxd4 6. Ne2 Bc5 7. b4 Bxb4 8. Nxd4 Qc7 9. Bb2 Nf6 10. Qc2 a6 11. Be2 O-O 12. O-O d5 13. cxd5 Qxc2 14.
Nxc2 Bxd2 15. Bxf6 gxf6 16. Rad1 Ba5 17. Ne3 b5 18. Rd3 Bb7 19. Ng4 Kg7 20. Rg3 Bc7 21.
f4 Ba5 22. e5 Bb6+ 23. Kh1 Bxd5 24. Nxf6+ Kh8 25. Bd3 Rg8 26. Nxg8 Rxg8 27. Rxg8+ Kxg8 28. Bb1 Be3 29. h3 b4 30. Kh2 a5 31. g4 a4 32.
Kg3 Bd4 33. Rd1 Bc3 34. Rd3 a3 35. Kf2 h6 36. Ke3 Kf8 37. Rxc3 bxc3 38. Kd3 Bg2 39. h4 Bh3 40. g5 Bf5+ 41. Kxc3 Bxb1 42. Kb3 hxg5 43. fxg5 Kg7 44. h5 Be4 45. Kxa3 Bf3 46. g6 fxg6 47. hxg6 Kxg6 48. Kb4 Kf5 49. a4 Kxe5 50. a5 Kf4 0-1

[Event "Early-Titled-Tuesday-Blitz-May-28-2024"]
[Site "Chess.com"]
[Date "2024.05.28"]
[Round "6"]
[White "pfalcon1949"]
[Black "luca_va99"]
[Result "1/2-1/2"]
[WhiteElo "1916"]
[BlackElo "2203"]
[TimeControl "180+1"]
[EndTime "9:07:31 PDT"]
[Termination "Game drawn - insufficient material"]

1. e4 c5 2. Nf3 g6 3. d4 cxd4 4. Nxd4 Bg7 5. Be3 Nc6 6. c4 Nf6 7. Nc3 O-O 8. Be2 d6 9. O-O Bd7 10. Rc1 Nxd4 11. Bxd4 Bc6 12. f3 a5 13. Qd2 Nd7 14. Rfd1 Nc5 15. Bxg7 Kxg7 16. b3 Qb6 17. Kh1 f5 18. Nd5 Bxd5 19. exd5 Nd7 20. Qd4+ Qxd4 21.
Rxd4 f4 22. Bd3 Ne5 23. Bb1 g5 24. Kg1 Rfc8 25. Kf2 b5 26. Bd3 a4 27. h4 axb3 28.
axb3 Ra2+ 29. Kg1 h6 30. hxg5 hxg5 31. Bf5 Rc7 32. Re4 bxc4 33. bxc4 Ra4 34. Rxe5 dxe5 35. c5 Kf6 36. Be4 Ra5 37. c6 Ra4 38. g4 fxg3 39.
Kg2 g4 40. Kxg3 gxf3 41. Kxf3 Rd4 42. Rf1 e6 43. Ke3+ Ke7 44. dxe6 Kxe6 45. Rh1 Ra4 46.
Rh6+ Ke7 47. Bd5 Rd4 48. Re6+ Kd8 49. Rxe5 Rxd5 50. Rxd5+ Ke7 51. Rc5 Kd6 52. Rc3 Rxc6 53. Rd3+ Ke6 54. Rd4 Rd6 55. Rxd6+ Kxd6 1/2-1/2